cohdb
Replays
Latest Replays
All Replays
Popular Replays
Top Player Replays
Match Explorer
How It Works
Community
CoH3 Stats
Reddit
Sign in to upload your games and track your stats! →
Sign in with Steam
Match 25782745
Unlisted
Match 25782745
Overview
Messages
Build Orders
End
Selects Battlefield Espionage Battlegroup
Panzerpioneer Squad
250 Light Carrier
250 Light Carrier
Construct Light Support Kompanie
Assault Grenadier Squad
Selects 250/3 Funkpanzerwagen
Selects Intel Disruption Beacon
Assault Grenadier Squad
Fire Support Elements
Assault Grenadier Squad
2.5-tonne Medical Truck
Selects Plunder
Pak 38 Anti-tank Gun Team
Construct Panzerarmee Kommand
Tungsten Core Ammunition
Panzer III L Medium Tank
Selects Advanced Ambush Training
Emergency Repair Kits
IL_Tromb0
Libanese_de_Roma
SneaKerz
gb_gbg
0
0
Comments
sign in to comment!
No comments posted yet!